[Event "Caplin Hastings Masters 2023-24"]
[Site "Hastings"]
[Date "2024.01.01"]
[Round "5.36"]
[White "Sugden, John N"]
[Black "Flynn, David"]
[Result "1/2-1/2"]
[ECO "B34"]
[WhiteElo "1968"]
[BlackElo "1791"]
[Annotator "NA RC"]
[PlyCount "55"]
[EventDate "2023.12.18"]
[EventType "swiss"]
[EventCountry "ENG"]
[SourceTitle "playchess.com"]
[Source "ChessBase"]
[SourceQuality "1"]
[TimeControl "40/6000+30:3000+30"]

1. e4 c5 2. Nf3 Nc6 3. Nc3 g6 4. d4 cxd4 5. Nxd4 Bg7 6. Be3 Nf6 7. Be2 O-O 8. O-O d5 9. exd5 Nxd5 10. Nxd5 Nxd4 11. Bxd4 Qxd5 12. Bxg7 Qxd1 13. Rfxd1 Kxg7 14. Rd2 Bf5 15. Rad1 Rfc8 16. c4 Kf8 17. b3 Ke8 18. Bf3 Rab8 19. h3 Rd8 20. g4 Rxd2 21. Rxd2 Bb1 22. Kf1 Rd8 23. Ke2 Rxd2+ 24. Kxd2 b6 25. a3 Kd7 26. Kc3 Kd6 27. b4 g5 28. Kd4 1/2-1/2

[Event "Caplin Hastings Masters 2023-24"]
[Site "Hastings"]
[Date "2024.01.01"]
[Round "5.37"]
[White "Moracchini, Margaux"]
[Black "Dewangan, Aayush"]
[Result "0-1"]
[ECO "B43"]
[WhiteElo "1922"]
[BlackElo "1655"]
[Annotator "ChessBase"]
[PlyCount "117"]
[EventDate "2023.12.18"]
[EventType "swiss"]
[EventCountry "ENG"]
[SourceTitle "playchess.com"]
[Source "ChessBase"]
[SourceQuality "1"]
[TimeControl "40/6000+30:3000+30"]

1. e4 c5 2. Nc3 e6 3. Nf3 a6 4. d4 cxd4 5. Nxd4 d6 6. g3 b5 7. Bg2 Bb7 8. O-O Nf6 9. a3 Qc7 10. Be3 Be7 11. f4 O-O 12. g4 Nc6 13. Nxc6 Bxc6 14. g5 Nd7 15. Qg4 Qb7 16. f5 Ne5 17. Qh3 exf5 18. Rxf5 b4 19. Nd5 Bxd5 20. exd5 bxa3 21. b3 Qb4 22. Rf4 Qc3 23. Bd4 Qxh3 24. Bxh3 Bxg5 25. Bxe5 dxe5 26. Re4 Rfd8 27. Rxa3 Rxd5 28. Re1 Bd2 29. Re2 Bc3 30. Bg2 Rd1+ 31. Kf2 Ra7 32. Be4 Ra1 33. Rxa1 Bxa1 34. Rd2 Bd4+ 35. Ke2 g6 36. Bd5 a5 37. c4 Kg7 38. Kd3 f5 39. Rc2 Bc5 40. Bc6 Rc7 41. Bb5 e4+ 42. Ke2 Kf6 43. Rd2 Ke5 44. Rd8 Kf4 45. Kf1 Kf3 46. Ra8 e3 47. Re8 Be7 48. c5 Bxc5 49. Be2+ Kf4 50. Ra8 Bb4 51. Rd8 Rc1+ 52. Bd1 Bd2 53. Ke2 Rxd1 54. Kxd1 Kf3 55. Re8 Kf2 56. Kc2 f4 57. Kd3 f3 58. Re7 Ke1 59. Kd4 0-1

[Event "Caplin Hastings Masters 2023-24"]
[Site "Hastings"]
[Date "2024.01.01"]
[Round "5.38"]
[White "Fryer, David W"]
[Black "Nainika, Gupta"]
[Result "1/2-1/2"]
[ECO "B07"]
[WhiteElo "1914"]
[BlackElo "1543"]
[Annotator "RC"]
[PlyCount "101"]
[EventDate "2023.12.18"]
[EventType "swiss"]
[EventCountry "ENG"]
[SourceTitle "playchess.com"]
[Source "ChessBase"]
[SourceQuality "1"]
[TimeControl "40/6000+30:3000+30"]

1. e4 d6 2. d4 Nf6 3. Nc3 g6 4. Be3 Bg7 5. Qd2 a6 6. f3 b5 7. O-O-O b4 8. Nce2 a5 9. Kb1 Na6 10. Nc1 c6 11. Bh6 Bxh6 12. Qxh6 a4 13. Bxa6 Rxa6 14. Nge2 Qa5 15. g4 Be6 16. h4 Nd7 17. d5 cxd5 18. Nd4 Nc5 19. Nxe6 Nxe6 20. exd5 Nc7 21. Qd2 a3 22. b3 Qc5 23. Rhe1 Nb5 24. Ne2 Kd7 25. Rc1 Rc8 26. Nf4 Qc3 27. Qxc3 Nxc3+ 28. Ka1 Ra5 29. Nd3 Nxd5 30. Re4 Rb5 31. c4 bxc3 32. Ra4 Ne3 33. Rxa3 Rd5 34. Ra7+ Kd8 35. Nb4 Rd4 36. a3 Rd2 37. Ra6 Nd5 38. Nxd5 Rxd5 39. b4 Rd3 40. b5 Rb8 41. a4 Kc7 42. Rc6+ Kb7 43. R1xc3 Rxc3 44. Rxc3 Ra8 45. Rc4 e5 46. g5 d5 47. Rb4 Kb6 48. Kb2 Rc8 49. Kb3 Rc1 50. Kb2 Rc8 51. Kb3 1/2-1/2

[Event "Caplin Hastings Masters 2023-24"]
[Site "Hastings"]
[Date "2024.01.01"]
[Round "5.40"]
[White "Howell, Oliver W"]
[Black "Walker, Martin G"]
[Result "1/2-1/2"]
[ECO "D77"]
[WhiteElo "1782"]
[BlackElo "2090"]
[Annotator "RC"]
[PlyCount "85"]
[EventDate "2023.12.18"]
[EventType "swiss"]
[EventCountry "ENG"]
[SourceTitle "playchess.com"]
[Source "ChessBase"]
[SourceQuality "1"]
[TimeControl "40/6000+30:3000+30"]

1. Nf3 Nf6 2. c4 g6 3. g3 Bg7 4. Bg2 O-O 5. O-O d5 6. d4 dxc4 7. Na3 Nc6 8. Nxc4 Bf5 9. a3 Qc8 10. b4 a6 11. Bb2 Bh3 12. Qb3 Bxg2 13. Kxg2 Qe6 14. Rac1 Qd5 15. Ncd2 e6 16. Rc5 Qxb3 17. Nxb3 Rfd8 18. Ne5 Nxe5 19. dxe5 Ne8 20. Rcc1 Bf8 21. Rfd1 b6 22. Nd4 c5 23. bxc5 bxc5 24. Nc6 Rdc8 25. Na5 Rab8 26. Nc4 Rd8 27. Rd3 Rxd3 28. exd3 Be7 29. d4 cxd4 30. Bxd4 Rc8 31. Be3 Rb8 32. Rd1 Rc8 33. Rc1 Rc6 34. Na5 Rxc1 35. Bxc1 Nc7 36. Nc6 Bc5 37. a4 Kf8 38. Kf3 Ke8 39. Be3 Bxe3 40. Kxe3 Kd7 41. Nb4 a5 42. Nd3 Kc6 43. Ke4 1/2-1/2

[Event "Caplin Hastings Masters 2023-24"]
[Site "Hastings"]
[Date "2024.01.01"]
[Round "5.41"]
[White "Wilson, Matthew R"]
[Black "ONUOHA, Obioma"]
[Result "0-1"]
[ECO "A10"]
[WhiteElo "1771"]
[BlackElo "1995"]
[Annotator "NA RC"]
[PlyCount "56"]
[EventDate "2023.12.18"]
[EventType "swiss"]
[EventCountry "ENG"]
[SourceTitle "playchess.com"]
[Source "ChessBase"]
[SourceQuality "1"]
[TimeControl "40/6000+30:3000+30"]

1. b3 d5 2. Bb2 e6 3. e3 f5 4. Nf3 Nf6 5. Be2 Bd6 6. O-O O-O 7. c4 c6 8. Ne5 Nbd7 9. d4 Qc7 10. f4 Ne4 11. Nd2 Ndf6 12. Ndf3 Bd7 13. Nxd7 Nxd7 14. Ne5 Rf6 15. c5 Be7 16. b4 Rh6 17. b5 Nxe5 18. fxe5 Bg5 19. Rf3 Rf8 20. bxc6 bxc6 21. Qd3 Rb8 22. Bc3 Bh4 23. Rff1 Qe7 24. Rab1 Rxb1 25. Rxb1 Bf2+ 26. Kf1 Rxh2 27. Bd1 Rh1+ 28. Ke2 Qh4 0-1

[Event "Caplin Hastings Masters 2023-24"]
[Site "Hastings"]
[Date "2024.01.01"]
[Round "5.42"]
[White "Ortiz Sanchez, Luis"]
[Black "Metcalfe, Charlie P"]
[Result "1-0"]
[ECO "D02"]
[WhiteElo "1863"]
[BlackElo "1760"]
[Annotator "NA RC COMBH"]
[PlyCount "82"]
[EventDate "2023.12.18"]
[EventType "swiss"]
[EventCountry "ENG"]
[SourceTitle "playchess.com"]
[Source "ChessBase"]
[SourceQuality "1"]
[TimeControl "40/6000+30:3000+30"]

1. d4 d5 2. Nf3 Nf6 3. c3 c5 4. dxc5 e6 5. b4 a5 6. e3 axb4 7. cxb4 b6 8. Bb5+ Bd7 9. Bxd7+ Qxd7 10. a4 bxc5 11. b5 Bd6 12. O-O O-O 13. Nbd2 Qc7 14. Qe2 Nbd7 15. Bb2 Ng4 16. h3 Nge5 17. Nxe5 Nxe5 18. f4 Nd7 19. Qd3 Qd8 20. Kh1 f5 21. Nf3 c4 22. Qd4 Qe7 23. Ng5 Nc5 24. Qd1 h6 25. Nf3 Ne4 26. Kh2 c3 27. Bc1 Rfc8 28. Nd4 Rc4 29. Nxf5 Qf6 30. Nxd6 Nxd6 31. Qb3 Ne4 32. b6 Nc5 33. Qb5 Nb7 34. a5 Rc5 35. Qd7 Nxa5 36. Ba3 Rc6 37. Be7 Qf7 38. Rxa5 Rxa5 39. Qxc6 Qxe7 40. b7 Qf8 41. Qb6 Ra8 1-0

[Event "Caplin Hastings Masters 2023-24"]
[Site "Hastings"]
[Date "2024.01.01"]
[Round "5.43"]
[White "Boggarapu, Kritan"]
[Black "Han, Qixuan"]
[Result "1-0"]
[ECO "B72"]
[WhiteElo "1857"]
[BlackElo "1603"]
[Annotator "NA RC COMBH"]
[PlyCount "117"]
[EventDate "2023.12.18"]
[EventType "swiss"]
[EventCountry "ENG"]
[SourceTitle "playchess.com"]
[Source "ChessBase"]
[SourceQuality "1"]
[TimeControl "40/6000+30:3000+30"]

1. e4 c5 2. Nf3 d6 3. d4 cxd4 4. Nxd4 Nf6 5. Nc3 g6 6. Be3 Nc6 7. f3 h5 8. Qd2 Nxd4 9. Bxd4 Bh6 10. Be3 Bxe3 11. Qxe3 Be6 12. O-O-O Qa5 13. Kb1 Rc8 14. a3 a6 15. Qd4 O-O 16. Nd5 Nxd5 17. exd5 Bf5 18. Bd3 Bxd3 19. Rxd3 Qc5 20. Qxc5 Rxc5 21. Re1 Rfc8 22. c3 Kf8 23. Re4 Rc4 24. Rdd4 Rxd4 25. Rxd4 Rd8 26. Rc4 Rd7 27. Rc8+ Kg7 28. Kc2 Kf6 29. Kd3 Ke5 30. c4 e6 31. dxe6 fxe6 32. Rf8 d5 33. f4+ Kd6 34. Rg8 Rf7 35. cxd5 exd5 36. Rxg6+ Kc5 37. g3 h4 38. Rg4 hxg3 39. hxg3 a5 40. Rg5 a4 41. Re5 Rg7 42. Re3 Rg6 43. f5 Rb6 44. Kc2 Kd4 45. Rf3 Rf6 46. Kd2 Ke4 47. Rf4+ Ke5 48. Kd3 b6 49. Rf3 d4 50. g4 b5 51. g5 Rf8 52. f6 Ke6 53. g6 b4 54. axb4 a3 55. bxa3 Ra8 56. Kxd4 Rd8+ 57. Ke4 Rh8 58. f7 Rh4+ 59. Rf4 1-0

[Event "Caplin Hastings Masters 2023-24"]
[Site "Hastings"]
[Date "2024.01.01"]
[Round "5.44"]
[White "Byrn, Carsten"]
[Black "Seo, Juwon"]
[Result "0-1"]
[ECO "E12"]
[WhiteElo "1823"]
[BlackElo "1405"]
[Annotator "NA RC COMBH"]
[PlyCount "80"]
[EventDate "2023.12.18"]
[EventType "swiss"]
[EventCountry "ENG"]
[SourceTitle "playchess.com"]
[Source "ChessBase"]
[SourceQuality "1"]
[TimeControl "40/6000+30:3000+30"]

1. d4 Nf6 2. c4 e6 3. Nf3 b6 4. a3 Bb7 5. Nc3 Be7 6. Qc2 O-O 7. e4 c5 8. d5 exd5 9. exd5 d6 10. Bd3 Re8 11. h4 Bf8+ 12. Be3 Nbd7 13. O-O-O Rc8 14. Rdg1 g6 15. g4 Bg7 16. h5 Re7 17. g5 Ne8 18. hxg6 fxg6 19. Rxh7 Kxh7 20. Bxg6+ Kg8 21. Bh7+ Kf8 22. Nh4 Nc7 23. Ng6+ Ke8 24. Ne4 Ne5 25. Nxe7 Qxe7 26. Nf6+ Kd8 27. f4 Nf3 28. Be4 Nxg1 29. Bxg1 Bxf6 30. gxf6 Qxf6 31. Qh2 Ne8 32. Bf2 Kc7 33. Bh4 Qd4 34. Qe2 Nf6 35. Bxf6 Qxf6 36. f5 Kb8 37. Qh2 Re8 38. Qf4 Qd4 39. Qxd6+ Ka8 40. Qd7 Qxe4 0-1

[Event "Caplin Hastings Masters 2023-24"]
[Site "Hastings"]
[Date "2024.01.01"]
[Round "5.45"]
[White "Keely, Leo A"]
[Black "Binks, Michael"]
[Result "1/2-1/2"]
[ECO "B15"]
[WhiteElo "1908"]
[BlackElo "2035"]
[Annotator "NA RC"]
[PlyCount "39"]
[EventDate "2023.12.18"]
[EventType "swiss"]
[EventCountry "ENG"]
[SourceTitle "playchess.com"]
[Source "ChessBase"]
[SourceQuality "1"]
[TimeControl "40/6000+30:3000+30"]

1. e4 c6 2. d4 d5 3. Nd2 dxe4 4. Nxe4 Nf6 5. Nxf6+ exf6 6. c3 Bd6 7. Bd3 Qc7 8. Qc2 h6 9. Be3 Be6 10. Nf3 Nd7 11. a3 g6 12. c4 f5 13. O-O-O O-O-O 14. Rhe1 Nf6 15. h3 Bf4 16. Kb1 Bxe3 17. Rxe3 Kb8 18. Qc3 Nh5 19. Bf1 a6 20. Ne5 1/2-1/2

[Event "Caplin Hastings Masters 2023-24"]
[Site "Hastings"]
[Date "2024.01.01"]
[Round "5.47"]
[White "Prudent, Sylvio"]
[Black "Kim, Sumin"]
[Result "1-0"]
[ECO "A01"]
[WhiteElo "1639"]
[BlackElo "1358"]
[Annotator "NA RC COMBH"]
[PlyCount "75"]
[EventDate "2023.12.18"]
[EventType "swiss"]
[EventCountry "ENG"]
[SourceTitle "playchess.com"]
[Source "ChessBase"]
[SourceQuality "1"]
[TimeControl "40/6000+30:3000+30"]

1. b3 e5 2. Bb2 d6 3. e3 Nf6 4. c4 b6 5. Nc3 Bb7 6. Nf3 c5 7. d3 Nc6 8. Be2 Be7 9. O-O O-O 10. e4 Re8 11. Nd5 Bf8 12. Ne3 a5 13. h3 Qd7 14. a4 Rad8 15. Bc1 Qc7 16. g4 Bc8 17. Kh2 Ne7 18. Nh4 Be6 19. Nd5 Nfxd5 20. cxd5 Bd7 21. f4 Ng6 22. Nxg6 fxg6 23. f5 gxf5 24. gxf5 Be7 25. Rg1 Rf8 26. Qe1 Bf6 27. Qg3 Be8 28. h4 b5 29. axb5 Bxb5 30. h5 Kf7 31. h6 Rg8 32. Bh5+ Kf8 33. hxg7+ Bxg7 34. f6 Bxd3 35. fxg7+ Qxg7 36. Bh6 Qxh6 37. Qxg8+ Ke7 38. Qf7# 1-0

[Event "Caplin Hastings Masters 2023-24"]
[Site "Hastings"]
[Date "2024.01.02"]
[Round "6.1"]
[White "Royal, Shreyas"]
[Black "Zhang, Pengxiang"]
[Result "1/2-1/2"]
[ECO "E52"]
[WhiteElo "2438"]
[BlackElo "2558"]
[Annotator "TA"]
[PlyCount "107"]
[EventDate "2023.12.18"]
[EventType "swiss"]
[EventCountry "ENG"]
[SourceTitle "playchess.com"]
[Source "ChessBase"]
[SourceQuality "1"]
[TimeControl "40/6000+30:3000+30"]

1. d4 Nf6 2. c4 e6 3. Nc3 Bb4 4. e3 O-O 5. Nf3 d5 6. Bd2 b6 7. cxd5 exd5 8. Rc1 Bb7 9. Bd3 Nbd7 {[%emt 0:13:08] 9...Re8 gains popularity.} 10. O-O a6 {[%emt 0:04:17] E52: Nimzo-Indian: Rubinstein: 4...0-0 5 Nf3 d5 6 Bd3 b6.} 11. Ne5 c5 12. Nxd7 Qxd7 {[%emt 0:03:20] White has an edge.} 13. dxc5 d4 {[%emt 0:08:14] [#]} 14. Ne4 $146 {[%emt 0:14:27][%mdl 64] Discovered Attack} ({Predecessor:} 14. c6 Bxc6 15. exd4 Qxd4 16. Ne2 Qxd3 17. Bxb4 Qe4 18. Rxc6 Qxc6 19. Bxf8 Rxf8 20. Nc3 {½-½ Rubio Mejia,L (2405)-Hernandez,C (2320) ESP-chT CECLUB Div1 2020 (2.3)}) 14... Bxe4 15. Bxb4 dxe3 16. Be2 (16. Bxe4 $16 exf2+ 17. Kh1 Qxd1 18. Bxh7+ (18. Rfxd1 Nxe4 19. cxb6 Rfe8 $11) 18... Kxh7 19. Rcxd1) 16... exf2+ 17. Rxf2 Qxd1+ 18. Rxd1 a5 19. Ba3 bxc5 20. Bxc5 Rfc8 21. Bd4 Nd5 22. Rdf1 f6 23. b3 Rd8 24. Bc4 Bg6 25. Bb6 Rd7 {[%emt 0:00:25] Black is weak on the dark squares} 26. Rd2 Bf7 27. Bb5 Re7 28. Bc5 {[%emt 0:08:14] Strongly threatening Rxd5.} Rc7 29. Bd6 {[%emt 0:01:02] This pair of bishops is nice.} Rcc8 30. Re1 h5 31. h4 Ra7 32. Bg3 Rc3 33. Bf2 Rb7 34. Ba6 Rb8 35. Bd4 Rc6 36. Ba7 (36. Bc4 Nb4 $11) 36... Rb4 37. Bc4 Rc7 38. Bf2 Nb6 (38... Rcxc4 $16 39. bxc4 Rxc4) 39. Rd8+ $18 Kh7 {[%emt 0:00:02] [#]} 40. Bxf7 Rxf7 {[%emt 0:00:01] [#]} 41. Re6 {[%emt 0:50:45] White is more active.} (41. a3 $1 $16 Rxb3 42. Rb8) 41... Rb7 42. Rdd6 Nd7 43. Re7 ({Better is} 43. Be1 $16 R4b5 44. Re7) 43... Ne5 $11 {[%emt 0:05:41] The position is equal.} 44. Rxb7 Rxb7 {[%emt 0:00:02][%mdl 4096] Endgame KRB-KRN} 45. Ra6 Rc7 {[%emt 0:01:30] Threatens to win with ...Rc1+.} 46. Be3 {[%emt 0:00:00] Wards off Rc1+} (46. Rxa5 $2 {perishes.} Rc1+ 47. Kh2 Ng4+ 48. Kg3 Rc3+ 49. Kf4 Nxf2 $17) 46... Ng4 {[%emt 0:06:03] ...Rd7 would be deadly.} 47. Bf4 Rc5 48. g3 g5 49. hxg5 fxg5 50. Bd2 Rc2 51. Bxg5 ({Reject} 51. Bxa5 Rxa2 52. Ra7+ Kg6 $17) 51... Rxa2 52. Bd8 Rd2 53. Bxa5 Rd3 54. Kg2 {[%emt 0:00:00] Weighted Error Value: White=0.13 (very precise) /Black=0.10 (very precise)} 1/2-1/2

[Event "Caplin Hastings Masters 2023-24"]
[Site "Hastings"]
[Date "2024.01.02"]
[Round "6.2"]
[White "Gasanov, Eldar"]
[Black "Lagarde, Maxime"]
[Result "1/2-1/2"]
[ECO "A81"]
[WhiteElo "2487"]
[BlackElo "2640"]
[Annotator "TA"]
[PlyCount "103"]
[EventDate "2023.12.18"]
[EventType "swiss"]
[EventCountry "ENG"]
[SourceTitle "playchess.com"]
[Source "ChessBase"]
[SourceQuality "1"]
[TimeControl "40/6000+30:3000+30"]

1. d4 f5 2. g3 Nf6 3. Bg2 g6 4. Nd2 Nc6 5. d5 Ne5 6. e4 {[%emt 0:00:11] A81: Dutch Defence: 2 g3.} fxe4 7. Nxe4 Nxe4 8. Bxe4 {[%emt 0:00:10] White is slightly better.} Bg7 {[%emt 0:00:10] [#]} 9. Nf3 $146 ({Predecessor:} 9. f4 Nf7 10. f5 gxf5 11. Bxf5 c6 12. Be4 Qa5+ 13. c3 Bxc3+ 14. bxc3 Qxc3+ 15. Qd2 {½-½ Kanyamarala,T (2270)-Hoang,T (2376) Olympiad Women-44 2022 (2.1)}) 9... Nf7 10. h4 c6 11. h5 Nd6 12. Bd3 Qa5+ 13. c3 Qxd5 14. hxg6 Qe6+ 15. Qe2 Qxe2+ 16. Kxe2 e5 {[%emt 0:00:26] Black is weak on the dark squares} (16... hxg6 $16 {was necessary.} 17. Rxh8+ (17. Bxg6+ Kf8 $16) 17... Bxh8) 17. Bh6 $18 (17. gxh7 $6 e4 $16) (17. Rxh7 Rxh7 18. gxh7 e4 $16) 17... Bxh6 18. Rxh6 e4 19. g7 (19. Rxh7 exd3+ 20. Kxd3 Rxh7 21. gxh7 Nf7 $14) (19. Re1 $18) 19... Rg8 20. Rxd6 exd3+ 21. Kxd3 Rxg7 22. Re1+ Kd8 23. Nd4 Kc7 24. Rf6 {[%emt 0:00:41] Prevents Rf7.} b6 25. c4 Bb7 26. Nf5 Rgg8 27. Re7 $36 {[%emt 0:01:59][%mdl 2048] White has good play.} Raf8 28. Ref7 {[%emt 0:04:48] White has more active pieces.} Rxf7 29. Rxf7 $14 {[%emt 0:00:02][%mdl 4096] Endgame KRB-KRN} h5 30. Rh7 c5 31. Rxh5 Rg4 (31... Re8 $16) 32. f4 $18 Rg8 33. Rg5 Re8 34. Ne3 Be4+ 35. Kd2 Rh8 36. Re5 Rh2+ 37. Kc3 Bb1 38. f5 d6 (38... Rh8 $16 {keeps fighting.} 39. b4 cxb4+ 40. Kxb4 Kd6 41. Rd5+ Ke7) 39. Re6 Kd7 40. g4 {[%emt 0:00:45] [#] aiming for Nd5.} Bxa2 41. Rg6 (41. b3 $16) 41... b5 $1 $11 {[%emt 0:10:12] The position is equal.} 42. Rg7+ (42. cxb5 $5 d5 $8 43. Nf1 (43. Rg7+ Kd6 $11) 43... Rh3+ 44. Kd2 $11) 42... Ke8 {[%emt 0:03:26] ( -> ...b4+)} 43. Nd5 {[%emt 0:07:02] Nc7+ would be deadly.} (43. Rxa7 $2 b4+ 44. Kd3 Bb1+ $19) (43. cxb5 $5 d5 $8 44. Nc2 $11 (44. Rxa7 d4+ 45. Kd3 Bb1+ {[%mdl 64] Deflection} 46. Kc4 dxe3 $11)) 43... Bxc4 44. Nf6+ Kd8 {[%emt 0:08:28] [#] Strongly threatening ...d5.} 45. Rd7+ ({Much weaker is} 45. Rxa7 d5 46. Rd7+ Kc8 47. Rxd5 Bxd5 48. Nxd5 Kd7 $17) 45... Kc8 {[%emt 0:00:02][%cal Od6d5] White must now prevent ...d5!} 46. Rxd6 {[%emt 0:00:53] Threatens to win with Rc6+.} (46. Rxa7 $2 {is the wrong capture.} d5 47. Nxd5 (47. Ra8+ $2 Kc7 $19) 47... Bxd5 $19) 46... Kc7 {[%emt 0:00:07] Wards off Rc6+} 47. Ne8+ Kb7 48. f6 Rh3+ 49. Kd2 Rh2+ 50. Kc3 Rh3+ 51. Kc2 Rh2+ 52. Kc3 {[%emt 0:00:30] Blacks defense is rewarded with a draw.   Weighted Error Value: White=0.14 (very precise) /Black=0.10 (very precise)} 1/2-1/2

[Event "Caplin Hastings Masters 2023-24"]
[Site "Hastings"]
[Date "2024.01.02"]
[Round "6.3"]
[White "Gupta, Abhijeet"]
[Black "Waldhausen Gordon, Frederick"]
[Result "1-0"]
[ECO "D02"]
[WhiteElo "2596"]
[BlackElo "2338"]
[Annotator "TA"]
[PlyCount "95"]
[EventDate "2023.12.18"]
[EventType "swiss"]
[EventCountry "ENG"]
[SourceTitle "playchess.com"]
[Source "ChessBase"]
[SourceQuality "1"]
[TimeControl "40/6000+30:3000+30"]

1. d4 Nf6 2. Nf3 d5 3. c3 e6 4. Bf4 Bd6 5. e3 O-O 6. Nbd2 c5 7. Bd3 Nc6 8. Bg3 b6 9. e4 {[%emt 0:01:36] Hoping for e5. D02: 1 d4 d5 2 Nf3 sidelines, including 2...Nf6 3 g3 and 2...Nf6 3 Bf4.} Be7 10. e5 Nh5 11. Ng5 {[%emt 0:00:33][%mdl 64] Discovered Attack. The position is equal. 11.a3 is vanishing.} Bxg5 (11... Nxg3 $2 12. Bxh7+ Kh8 13. Nxf7+ Rxf7 14. hxg3 $18) 12. Qxh5 g6 (12... cxd4 $2 13. Qxh7#) 13. Qe2 cxd4 14. h4 $1 Bh6 15. h5 $1 $36 {[%emt 0:02:17][%mdl 2048] And now hxg6 would win. White has good play.} dxc3 16. bxc3 {[%emt 0:00:07] hxg6 would be deadly.} Bg7 17. Nf3 f5 (17... Bb7 $15) 18. hxg6 $14 hxg6 19. Bf4 Qc7 20. Kf1 {[%emt 0:01:33][%mdl 1024] White has strong compensation.} Bd7 21. Re1 {[%emt 0:01:16] [#]} (21. Rc1 $142) 21... Nd8 $146 ({Predecessor:} 21... Kf7 22. Rh7 Rh8 23. Ng5+ Ke8 24. Rxh8+ Bxh8 25. Qe3 Bc8 26. Qh3 Qg7 27. Bb5 Kd7 {1-0 Meiwes,T (1959)-Roth,J (1883) GER-chT U16 Aurich 2018 (3.2)}) 22. Rh3 {[%emt 0:03:27] White is more active.} ({White should play} 22. Rc1 $16) 22... Nf7 {[%emt 0:02:29] Black is on the road to losing.} ({Don't play} 22... Qxc3 23. Bd2 Qb2 24. Nh4 $11) (22... Nb7 $14) 23. Rg3 Nh8 24. c4 {[%emt 0:05:05] Strongly threatening cxd5.} dxc4 (24... Qc6 $16) 25. Bxc4 $18 b5 {[%emt 0:01:17] [#]} 26. Bb3 ({But not} 26. Bxb5 Rab8 27. Bc4 Qxc4 28. Qxc4 Bb5 $14) 26... a5 27. Ng5 Rfe8 (27... Ra6 $142 28. Rd3 a4) 28. Rc1 Qb6 (28... Qb7 {was necessary.} 29. Rgc3 Ra7) 29. Rd3 Qa7 (29... Rad8 $142 30. Qd1 a4) 30. Rcd1 Bc8 31. Rd8 {[%emt 0:02:05][%mdl 64] Discovered Attack} Qe7 {[%emt 0:01:56] [#]} 32. Rxc8 $1 {[%emt 0:01:09][%mdl 576] Remove Defender, Decoy} Raxc8 33. Bxe6+ Qxe6 34. Nxe6 Rxe6 35. Qxb5 {[%emt 0:00:07] aiming for Qb3.} Nf7 36. Qb7 Rf8 37. Rd7 {[%emt 0:00:58][%cal Od7f7] Rxf7! is the strong threat.} g5 {[%emt 0:09:47] [#]} 38. Rxf7 $1 {[%emt 0:00:45][%mdl 576] Deflection} Rxf7 39. Qc8+ Bf8 40. Qxe6 gxf4 {[%emt 0:00:05][%mdl 4096] Endgame KQ-KRB} 41. Qg6+ Bg7 42. e6 Rf6 43. Qe8+ Rf8 44. Qd7 {[%emt 0:00:26] White threatens e7 and mate.} Bf6 45. e7 {[%emt 0:00:06][%mdl 64] Discovered Attack} Bxe7 46. Qxe7 {[%emt 0:00:24] White is clearly winning.} f3 47. Qg5+ Kh7 48. Qh5+ {[%emt 0:00:04] Weighted Error Value: White=0.10 (very precise) /Black=0.83} 1-0

[Event "Caplin Hastings Masters 2023-24"]
[Site "Hastings"]
[Date "2024.01.02"]
[Round "6.4"]
[White "Jacobson, Brandon"]
[Black "Cherniaev, Alexander"]
[Result "1-0"]
[ECO "E56"]
[WhiteElo "2538"]
[BlackElo "2381"]
[Annotator "TA"]
[PlyCount "89"]
[EventDate "2023.12.18"]
[EventType "swiss"]
[EventCountry "ENG"]
[SourceTitle "playchess.com"]
[Source "ChessBase"]
[SourceQuality "1"]
[TimeControl "40/6000+30:3000+30"]

1. d4 d5 2. c4 e6 3. Nc3 c5 4. e3 Nf6 5. Nf3 a6 6. cxd5 exd5 7. Bd3 Nc6 8. O-O Bd6 9. dxc5 Bxc5 10. h3 O-O 11. b3 {[%emt 0:00:05] E56: Nimzo-Indian: Rubinstein: Main Line: 7...Nc6.} Be6 12. Bb2 Ba7 13. Rc1 {[%emt 0:05:05] White is slightly better.} Qe7 {[%emt 0:15:52] [#]} 14. Re1 $146 ({Predecessor:} 14. Ne2 Rac8 15. Nfd4 Nxd4 16. Nxd4 Bb8 17. Qe2 Qd6 18. f4 Ba7 19. Rcd1 {½-½ Moehn,H (2382)-Savanovic,A (2358) Spilimbergo op 21st 2023 (8)}) 14... Rad8 15. Ne2 Ne4 16. Nf4 Bb8 17. Bb1 Rfe8 18. Nd4 Nxd4 19. Qxd4 {[%emt 0:00:17][%csl Gb2][%cal Rd4g7] [#]} Nf6 20. Qd3 {[%emt 0:07:33][%cal Of4h5] Threatens to win with Nh5! White is much more active.} d4 21. Bxd4 Bxf4 (21... g6 $142) 22. Bxf6 $40 {[%emt 0:04:43][%mdl 128] Black is in trouble.} ({Don't do} 22. exf4 $6 Qd6 23. Bxf6 Qxd3 24. Bxd3 Rxd3 $16) 22... Rxd3 23. Bxe7 Rd7 24. exf4 Rdxe7 25. f5 Bd7 26. Rxe7 Rxe7 $18 {[%emt 0:00:06][%mdl 4096] Endgame KRB-KRB} 27. Rc7 Kf8 28. Kh2 (28. Rxb7 $18 {Strongly threatening Bd3.} Re1+ 29. Kh2) 28... Bc6 29. Rc8+ Re8 (29... Be8 $142 30. f6 {[%mdl 64] Discovered Attack} Re6) 30. Rxe8+ Bxe8 {[%emt 0:02:13] [#] KB-KB} 31. f6 $1 h6 (31... h5 32. fxg7+) 32. fxg7+ Kxg7 33. Kg3 Kf6 34. Kf4 Ke7 35. b4 b6 36. Ke5 Bc6 37. Be4 f6+ $2 (37... Be8 {was worth a try.} 38. g4 Bb5) 38. Kf5 {[%emt 0:04:55] White is clearly winning.} Be8 39. Bd5 a5 40. a3 axb4 (40... Bh5 $142 41. bxa5 bxa5) 41. axb4 Kd6 42. Bc4 Ke7 43. h4 Bh5 44. g4 Be8 45. h5 {[%emt 0:00:00] Weighted Error Value: White=0.02 (flawless) /Black=0.26 (precise)} 1-0